 Dungeon Crawl Stone Soup version 0.29.0-15-g675c0067aa (webtiles) character file.

Game seed: 2124995378858006682

171 Flure the Sneak (level 5, 0/28 (32) HPs)
             Began as a Kobold Brigand on Sept 11, 2022.
             Slain by a necrophage (4 damage)
             ... on level 4 of the Dungeon.
             The game lasted 00:03:18 (3007 turns).

Flure the Sneak (Kobold Brigand)                    Turns: 3007, Time: 00:03:18

HP:   0/28 (32)     AC:  3    Str: 16 (19) XL:     5   Next: 81%
MP:   5/5           EV: 15    Int:  9 (11) God:
Gold: 195           SH:  5    Dex: 14 (17) Spells: 4/4 levels left

rFire   . . .      SeeInvis .   g - +2 dagger
rCold   . . .      Faith    .   (no shield)
rNeg    . . .      Spirit   .   b - +0 robe
rPois   .          Reflect  +   (no helmet)
rElec   .          Harm     .   c - +0 cloak
rCorr   +          Rampage  .   (no gloves)
Will    .....                   (no boots)
Stlth   ++++......              n - amulet of reflection
HPRegen 0.09/turn               h - ring of resist corrosion
MPRegen 0.09/turn               t - +6 ring of strength

@: heavily drained
A: small, no large weapons, nightstalker 3, strong 1
a: no special abilities


You were on level 4 of the Dungeon.
You visited 1 branch of the dungeon, and saw 4 of its levels.

You collected 195 gold pieces.

Inventory:

Hand Weapons
 g - a +2 dagger (weapon)
Missiles
 a - 49 stones
 d - 7 poisoned darts (quivered)
 e - 3 curare-tipped darts
Armour
 b - a +0 robe (worn)
 c - a +0 cloak (worn)
Jewellery
 h - a ring of resist corrosion (left hand)
 n - an amulet of reflection (around neck)
 t - a +6 ring of strength (right hand)
Wands
 p - a wand of iceblast (3)
Scrolls
 i - a scroll of fear {unknown}
 j - a scroll of brand weapon {unknown}
 k - a scroll of butterflies {unknown}
 l - 2 scrolls of noise {unknown}
 m - 5 scrolls of identify {unknown}
 o - 2 scrolls of enchant armour {unknown}
 q - 3 scrolls of enchant weapon {unknown}
 r - a scroll of amnesia {unknown}
 u - a scroll of poison {unknown}
 v - 2 scrolls of teleportation {unknown}
 y - a scroll of silence {unknown}
Potions
 f - a potion of degeneration
 s - a potion of flight {unknown}
 w - a potion of curing {unknown}
 x - a potion of brilliance {unknown}
 A - 3 potions of magic {unknown}


   Skills:
 + Level 3.3 Fighting
 * Level 4.0 Short Blades
 + Level 3.3 Throwing
 + Level 2.9 Dodging
 + Level 6.2 Stealth


You had 4 spell levels left.
You didn't know any spells.
Your spell library contained the following spells:

 Spells                   Type           Power      Damage    Failure   Level
 Conjure Flame            Conj/Fire      0%         6-21      77%         3
 Ignite Poison            Fire/Tmut/Pois 0%         N/A       77%         3
 Sticky Flame             Conj/Fire      0%         2d3       99%         4


Dungeon Overview and Level Annotations

Branches:
Dungeon (4/15)
 Temple: D:4-7

Altars:


Innate Abilities, Weirdness & Mutations

You are small and have problems with some larger weapons.
You are completely attuned to the shadows.
Your muscles are strong. (Str +4, Int/Dex -1)


Message History

You hit the necrophage but do no damage.
The necrophage is lightly damaged.
The necrophage hits you.
You closely miss the necrophage.
The necrophage is lightly damaged.
The necrophage hits you.
You feel drained.
You barely miss the necrophage.
The necrophage is lightly damaged.
The necrophage hits you but does no damage.
You hit the necrophage.
The necrophage is moderately damaged.
The necrophage barely misses you.
You hit the necrophage but do no damage.
The necrophage is moderately damaged.
You hit the necrophage.
The necrophage is moderately damaged.
You block the necrophage's attack.
You barely miss the necrophage.
The necrophage is moderately damaged.
The necrophage hits you.
You feel drained.
You hit the necrophage but do no damage.
The necrophage is moderately damaged.
The necrophage barely misses you.
You hit the necrophage.
The necrophage is moderately damaged.
The necrophage hits you.
* * * LOW HITPOINT WARNING * * *
You hit the necrophage.
The necrophage is heavily damaged.
It was a potion of degeneration.
There was something very wrong with that liquid.
You feel weakened.
You feel dopey.
You feel clumsy. The necrophage hits you.
* * * LOW HITPOINT WARNING * * *
You feel drained.
It was a potion of mutation.
You feel extremely strange.
Your connection to magic feels subdued.
You feel stronger.
Your magic regains its normal vibrancy.
The necrophage hits you.
You die...

##...
#...#
#...#
#...#
#<..####
#.†.@n.#
#...##.#
#...# #
#...#
#...#


You could see a necrophage.

Vanquished Creatures
  Jessica (D:3)
  6 adders
  2 worms (D:2)
  4 dart slugs
  11 ball pythons
  7 bats
  7 endoplasms
  3 giant cockroaches (D:2)
  7 goblins
  4 hobgoblins
  7 kobolds
  6 quokkas
  8 frilled lizards
  4 rats
77 creatures vanquished.

Notes
Turn   | Place    | Note
-------+----------+-------------------------------------------
     0 | D:1      | Flure the Kobold Brigand began the quest for the Orb.
     0 | D:1      | Reached XP level 1. HP: 12/12 MP: 1/1
   333 | D:1      | Reached XP level 2. HP: 12/18 MP: 2/2
   790 | D:1      | Reached XP level 3. HP: 22/22 MP: 3/3
   830 | D:1      | Found a faded altar of an unknown god.
  1317 | D:2      | Reached XP level 4. HP: 21/27 MP: 4/4
  2085 | D:2      | Reached skill level 6 in Stealth
  2270 | D:3      | Reached XP level 5. HP: 32/32 MP: 5/5
  2685 | D:3      | Noticed Jessica
  2689 | D:3      | Killed Jessica
  3007 | D:4      | Gained mutation: Your spells are a little easier to cast,
                  | but a little less powerful. [potion of mutation]
  3007 | D:4      | Gained mutation: Your muscles are strong. (Str +4, Int/Dex
                  | -1) [potion of mutation]
  3007 | D:4      | Lost mutation: Your spells are a little easier to cast, but
                  | a little less powerful. [potion of mutation]
  3007 | D:4      | Slain by a necrophage

Illustrated notes

Levels and vault maps discovered:
D:1:      dpeg_arrival_round_b, layout_loops_cross,
          chequers_ecumenical_altar_simple_redux, minmay_liquid_box,
          bh_walls_and_bars
D:2:      layout_loops_ring, minmay_worlds_worst_comb
D:3:      layout_basic, minmay_snake_closets, uniq_jessica
D:4:      layout_rooms, lightli_ossuary_entry_decrepit_ruins,
          kennysheep_minor_cross

Skill      XL: |  1  2  3  4  5 |
---------------+----------------+-----
Short Blades   | 3 4 |  4.0
Dodging        | 2 |  2.9
Throwing       | 3 |  3.3
Stealth        | 6 |  6.2
Fighting       | 3 |  3.3

Action                   |  1- 3 |  4- 6 || total
-------------------------+-------+-------++-------
Melee: Dagger            |    83 |    98 ||   181
Throw: Dart              |       |     5 ||     5
  Use: Potion            |       |     2 ||     2
 Stab: Sleeping          |    15 |    31 ||    46
Armor: Robe              |    11 |     7 ||    18
Dodge: Dodged            |    35 |    33 ||    68
Block: Other             |     3 |     8 ||    11
